 Dungeon Crawl Stone Soup version 0.29.0-4-gdea44cf6ec (webtiles) character file.

Game seed: 8873789690240601849

5355 qw the Cleaver (level 10, -11/64 HPs)
             Began as a Gargoyle Fighter on Sept 6, 2022.
             Was an Elder of Okawaru.
             Mangled by a wyvern (13 damage)
             ... on level 9 of the Dungeon.
             The game lasted 00:03:10 (7142 turns).

qw the Cleaver (Gargoyle Fighter)                   Turns: 7142, Time: 00:03:11

Health: -11/64     AC: 26    Str: 24    XL:     10   Next: 65%
Magic:  13/14      EV:  8    Int: 12    God:    Okawaru [****..]
Gold:   331        SH:  5    Dex:  9    Spells: 9/9 levels left

rFire   + . .      SeeInvis +   Y - +1 war axe
rCold   + . .      Faith    .   c - +0 buckler
rNeg    + . .      Spirit   .   i - +0 plate armour
rPois   inf        Reflect  .   q - +1 helmet
rElec   +          Harm     .   (no cloak)
rCorr   .          Rampage  .   (no gloves)
Will    .....                   o - +0 pair of boots
Stlth   ..........              e - amulet of regeneration
HPRegen 1.00/turn               a - ring "Zutuack" {rPois rF+ Int+3 SInv}
MPRegen 0.14/turn               p - ring of protection from cold

@: about to teleport, heroic, very slow
A: sickness immunity, AC +7, negative energy resistance 1, electricity
resistance, torment resistance 1, petrification resistance
a: Renounce Religion, Heroism, Finesse


You were on level 9 of the Dungeon.
You worshipped Okawaru.
Okawaru was greatly pleased with you.
You visited 2 branches of the dungeon, and saw 10 of its levels.

You collected 534 gold pieces.
You spent 203 gold pieces at shops.


Innate Abilities, Weirdness & Mutations

You are immune to sickness and miasma.
Your stone body is resilient. (AC +7)
You are immune to poison.
You resist negative energy. (rN+)
You are resistant to electric shocks. (rElec)
You are resistant to unholy torment.
You are immune to petrification.


   Skills:
 - Level 8.1(13.1) Fighting
 - Level 10.0(15.0) Axes
 - Level 4.0(9.0) Throwing
 + Level 6.3(11.3) Armour
 - Level 1.5(6.5) Dodging
 - Level 4.0(9.0) Shields
 + Level 5.5 Invocations


You had 9 spell levels left.
You didn't know any spells.
Your spell library was empty.

Inventory:

Hand Weapons
 g - a +2 flail of protection
 Y - a +1 war axe (weapon)
Missiles
 u - 3 silver javelins (quivered)
Armour
 c - a +0 buckler (worn)
 i - a +0 plate armour (worn)
 o - a +0 pair of boots (worn)
 q - a +1 helmet (worn)
Jewellery
 a - the ring "Zutuack" (left hand) {rPois rF+ Int+3 SInv}
   (You acquired it on level 1 of the Dungeon)

   [ring of protection from fire]

   Int:       It affects your intelligence (+3).
   rF:        It protects you from fire.
   rPois:     It protects you from poison.
   SInv:      It lets you see invisible.
 e - an amulet of regeneration (around neck)
 h - a ring of fire
 n - a ring of resist corrosion
 p - a ring of protection from cold (right hand)
Scrolls
 f - 2 scrolls of identify
 m - a scroll of teleportation
Potions
 b - 7 potions of curing
 d - 2 potions of might
 j - 4 potions of heal wounds
 k - 2 potions of lignification
 l - a potion of resistance
 r - 2 potions of attraction
 s - 2 potions of mutation
 v - a potion of haste

Dungeon Overview and Level Annotations

Branches:
Dungeon (9/15)             Temple (1/1) D:4
   Lair: D:8-11         Orc: D:9-12

Altars:
Cheibriados
Dithmenos
Elyvilon
Fedhas
Gozag
Hepliaklqana
Kikubaaqudgha
Makhleb
Nemelex Xobeh
Okawaru
Qazlal
Ru
Uskayaw
Vehumet
Wu Jian
Xom
Yredelemnul
Zin
The Shining One

Shops:
D:3 =?([(   D:4 (([=[   D:5 (

Annotations:
D:3 1 runed translucent door, Crazy Yiuf


Message History

You hit the howler monkey.
You kill the howler monkey!
Okawaru accepts your kill.
You barely miss the electric eel. You hit the gnoll sergeant.
You barely miss the wyvern. You hit the gnoll but do no damage.
The gnoll barely misses you. The wyvern barely misses you.
The gnoll hits you but does no damage.
You closely miss the wyvern.
The wyvern is severely wounded.
You hit the gnoll sergeant. You closely miss the howler monkey.
You slash the gnoll! You closely miss the electric eel.
The gnoll sergeant hits you with a +0 trident.
The wyvern bites you! The gnoll hits you but does no damage.
The gnoll hits you from afar with a +0 halberd.
You closely miss the gnoll.
The gnoll is almost dead.
You closely miss the electric eel. You hit the gnoll sergeant.
You hit the wyvern but do no damage. You closely miss the howler monkey.
The howler monkey hoots and howls with incredible vigour!
The wyvern bites you!
The electric eel shoots out a bolt of lightning at you!
The bolt of electricity hits you but does no damage.
You resist.
An electric eel comes into view.
The gnoll sergeant hits you but does no damage.
The gnoll splashes around in the water.
You hear an angry hiss.
7142 ||| READING 2 scrolls of teleportation.
As you read the scroll of teleportation, it crumbles to dust.
You feel strangely unstable. The wyvern barely misses you.
The howler monkey barely misses you.
The gnoll hits you from afar with a +0 halberd!
The electric eel shoots out a bolt of lightning at you!
The bolt of electricity hits the electric eel.
The electric eel completely resists.
The bolt of electricity hits you but does no damage.
The electric eel shoots out a bolt of lightning at you!
The bolt of electricity hits you. You resist.
The gnoll sergeant barely misses you. The wyvern bites you!
You die...

.##
##.....~~~~~.
..#
#......#~~~~.~
.##
#..#$..#.~~~.~
...#
#...#.###.#~~..
~###
#####.##~.#.~..
~# #.#~~~.... ##
~ #.~~~~~## #
~~~~#~g)~~~~#..
~~~~~~~~@l~~~~.~
~~~~~~~Sgh~~~~.~
~~~~~~~~~~g~~~.~
~~~~~~~~~~~~~~.~
~~~~~~~~~~~~~~..
~~~~~~~~~~~~~~..
~~~~#.~~~~~~~#.~
~S...#~~~~~.#.~


You could see a wyvern, a gnoll sergeant, a howler monkey (catching breath), 2
electric eels and 2 gnolls.

Vanquished Creatures
  2 two-headed ogres
  Joseph (D:7)
  Maggie (D:7)
  A hornet (D:8)
  2 water moccasins
  3 black bears
  3 orc warriors
  A sky beast (D:8)
  An ice beast (D:8)
  4 centaurs
  A kobold brigand (D:7)
  2 phantoms
  3 bullfrogs (D:7)
  Blork the orc (D:4)
  5 scorpions
  3 necrophages
  3 electric eels (D:9)
  A howler monkey (D:9)
  An iron imp (D:8)
  3 hounds
  2 jellies
  6 orc priests
  6 iguanas
  Natasha (thrice) (D:2)
  9 orc wizards
  5 gnolls
  6 adders
  A shadow imp (D:8)
  A worm (D:2)
  2 dart slugs (D:1)
  23 orcs
  3 ball pythons
  7 bats
  7 endoplasms
  2 giant cockroaches
  4 goblins
  4 hobgoblins
  7 jackals (D:3)
  12 kobolds
  5 quokkas
  4 frilled lizards
  4 rats
165 creatures vanquished.

Notes
Turn   | Place    | Note
-------+----------+-------------------------------------------
     0 | D:1      | qw the Gargoyle Fighter began the quest for the Orb.
     0 | D:1      | Reached XP level 1. HP: 14/14 MP: 1/1
     0 | D:1      | 0 ||| qw: Version: 0.1-a-108-g9e35731
     0 | D:1      | 0 ||| qw: Game counter: 6258
     0 | D:1      | 0 ||| qw: Always use a shield: true
     0 | D:1      | 0 ||| qw: God list: Okawaru
     0 | D:1      | 0 ||| qw: Allow faded altars: false
     0 | D:1      | 0 ||| qw: Do Orc after D:15 true
     0 | D:1      | 0 ||| qw: Do second Lair branch before Depths: true
     0 | D:1      | 0 ||| qw: Lair rune preference: random
     0 | D:1      | 0 ||| qw: Plans: Normal, Zot, God:TSO, Crypt, Tomb, Zig,
                  | Orb
     0 | D:1      | 0 ||| PLANNING D:1-11
    55 | D:1      | Reached skill level 2 in Axes
   157 | D:1      | 157 ||| Stepping ~*~*~tactically~*~*~ (stealth).
   161 | D:1      | 161 ||| Stepping ~*~*~tactically~*~*~ (stealth).
   165 | D:1      | Reached XP level 2. HP: 19/19 MP: 2/2
   367 | D:1      | Found a faded altar of an unknown god.
   483 | D:1      | 483 ||| DROPPING +0 club.
   764 | D:1      | Reached skill level 3 in Axes
   883 | D:1      | 883 ||| DROPPING ring of wizardry.
   884 | D:1      | 884 ||| READING scroll labelled REAZXU SOHUNG.
   889 | D:1      | 889 ||| READING 2 scrolls labelled ARAAR OTUZAMACS.
   890 | D:1      | 890 ||| READING scroll labelled AKUOSI ROCAES.
   890 | D:1      | Identified a scroll of acquirement
   890 | D:1      | 890 ||| ACQUIRING ring "Zutuack" {rPois rF+ Int+3 SInv}
   890 | D:1      | Acquired the ring "Zutuack" {rPois rF+ Int+3 SInv}
   892 | D:1      | 892 ||| UPGRADING to ring "Zutuack" {rPois rF+ Int+3 SInv}.
   893 | D:1      | 893 ||| READING scroll labelled JEIQIV CIOM.
   965 | D:2      | Reached XP level 3. HP: 22/23 MP: 3/3
  1005 | D:2      | Noticed Natasha
  1011 | D:2      | Killed Natasha
  1077 | D:2      | Noticed Natasha
  1078 | D:2      | 1078 ||| Stepping ~*~*~tactically~*~*~ (stealth).
  1102 | D:2      | HP: 4/23 [Natasha (3)]
  1103 | D:2      | Killed Natasha
  1104 | D:2      | Reached skill level 4 in Axes
  1104 | D:2      | Reached XP level 4. HP: 6/28 MP: 4/4
  1138 | D:2      | Noticed Natasha
  1145 | D:2      | HP: 2/28 [Natasha (8)]
  1147 | D:2      | Killed Natasha
  1150 | D:2      | HP: 1/28 [constriction (1)]
  1563 | D:2      | Reached XP level 5. HP: 31/32 MP: 5/5
  1772 | D:2      | 1772 ||| UPGRADING to +0 plate armour.
  1782 | D:2      | 1782 ||| DROPPING +0 scale mail.
  1783 | D:2      | 1783 ||| UPGRADING to amulet of regeneration.
  1788 | D:2      | 1788 ||| READING scroll labelled KYUZU ECOOFU.
  1889 | D:2      | 1889 ||| READING scroll labelled OXUJ BOBBUOPOE.
  1890 | D:2      | 1890 ||| DRINKING 2 orange potions.
  1924 | D:2      | 1924 ||| READING 2 scrolls of identify.
  1924 | D:2      | 1924 ||| IDENTIFYING blue potion
  2126 | D:3      | Found Ebroju's Weapon Boutique.
  2129 | D:3      | Found Ciovoide's Armour Shoppe.
  2145 | D:3      | 2145 ||| BUYING +0 helmet (49 gold).
  2145 | D:3      | Bought a +0 helmet for 49 gold pieces
  2145 | D:3      | 2145 ||| SHOPLISTING +2 plate armour of poison resistance
                  | (407 gold, have 35).
  2148 | D:3      | 2148 ||| Stepping ~*~*~tactically~*~*~ (stealth).
  2240 | D:3      | Reached skill level 5 in Axes
  2277 | D:3      | 2277 ||| Stepping ~*~*~tactically~*~*~ (stealth).
  2278 | D:3      | 2278 ||| Stepping ~*~*~tactically~*~*~ (stealth).
  2285 | D:3      | Reached XP level 6. HP: 37/37 MP: 6/6
  2286 | D:3      | 2286 ||| Stepping ~*~*~tactically~*~*~ (stealth).
  2287 | D:3      | 2287 ||| Stepping ~*~*~tactically~*~*~ (stealth).
  2290 | D:3      | 2290 ||| Stepping ~*~*~tactically~*~*~ (stealth).
  2291 | D:3      | 2291 ||| Stepping ~*~*~tactically~*~*~ (stealth).
  2418 | D:3      | Found Juen's Weapon Shop.
  2560 | D:3      | 2560 ||| Stepping ~*~*~tactically~*~*~ (stealth).
  2564 | D:3      | 2564 ||| Stepping ~*~*~tactically~*~*~ (stealth).
  2606 | D:3      | Found Zaorujag's Jewellery Boutique.
  2609 | D:3      | 2609 ||| Stepping ~*~*~tactically~*~*~ (stealth).
  2611 | D:3      | 2611 ||| Stepping ~*~*~tactically~*~*~ (stealth).
  2629 | D:3      | 2629 ||| SHOPLISTING amulet of reflection (300 gold, have
                  | 73).
  2629 | D:3      | 2629 ||| SHOPLISTING ring of positive energy (200 gold,
                  | have 73).
  2629 | D:3      | 2629 ||| SHOPLISTING ring of protection from cold (250
                  | gold, have 73).
  2629 | D:3      | 2629 ||| SHOPLISTING ring of protection from fire (250
                  | gold, have 73).
  2629 | D:3      | 2629 ||| SHOPLISTING ring of see invisible (150 gold, have
                  | 73).
  2730 | D:3      | Found Nadir's Magic Scroll Emporium.
  2738 | D:3      | 2738 ||| SHOPLISTING scroll of acquirement (624 gold, have
                  | 88).
  2738 | D:3      | 2738 ||| BUYING scroll of identify (24 gold).
  2738 | D:3      | Bought a scroll of identify for 24 gold pieces
  2738 | D:3      | 2738 ||| BUYING scroll of teleportation (36 gold).
  2738 | D:3      | Bought a scroll of teleportation for 36 gold pieces
  2757 | D:3      | Found a runed translucent door.
  2758 | D:3      | Noticed Crazy Yiuf
  2761 | D:3      | 2761 ||| UPGRADING to +0 helmet.
  2766 | D:3      | 2766 ||| UPGRADING to ring of protection from cold.
  2767 | D:3      | 2767 ||| READING scroll labelled YFECHO LOZI.
  2768 | D:3      | 2768 ||| READING 2 scrolls labelled PYLYCS JEOST.
  2769 | D:3      | 2769 ||| DRINKING 5 puce potions.
  2770 | D:3      | 2770 ||| READING 3 scrolls of identify.
  2770 | D:3      | 2770 ||| IDENTIFYING clear potion
  2771 | D:3      | 2771 ||| READING 2 scrolls of identify.
  2771 | D:3      | 2771 ||| IDENTIFYING lumpy pink potion
  2772 | D:3      | 2772 ||| DROPPING scroll of amnesia.
  2882 | D:4      | Found Jaetiot's Antique Armour Shop.
  2887 | D:4      | 2887 ||| SHOPLISTING encrusted chain mail (171 gold, have
                  | 63).
  2887 | D:4      | 2887 ||| SHOPLISTING glowing cloak (135 gold, have 63).
  2936 | D:4      | Found a shadowy altar of Dithmenos.
  2936 | D:4      | Found a sparkling altar of Nemelex Xobeh.
  2936 | D:4      | Found a glowing golden altar of the Shining One.
  2956 | D:4      | Noticed Blork the orc
  2957 | D:4      | 2957 ||| Stepping ~*~*~tactically~*~*~ (hiding).
  2973 | D:4      | Killed Blork the orc
  2974 | D:4      | Reached skill level 1 in Throwing
  3002 | D:4      | Found Kuavask's Antique Weapon Emporium.
  3153 | D:4      | Reached skill level 6 in Axes
  3153 | D:4      | Reached XP level 7. HP: 43/43 MP: 7/7
  3154 | D:4      | Found Nujochat's Armour Emporium.
  3167 | D:4      | 3167 ||| SHOPLISTING +7 plate armour of the Sea {rCorr}
                  | (847 gold, have 80).
  3289 | D:4      | Found Keschasa's Jewellery Boutique.
  3295 | D:4      | 3295 ||| SHOPLISTING +6 ring of dexterity (396 gold, have
                  | 94).
  3421 | D:4      | Found a staircase to the Ecumenical Temple.
  3422 | D:4      | 3422 ||| PLANNING TEMPLE
  3422 | D:4      | 3422 ||| READING scroll labelled ANKEUXTYIS.
  3423 | D:4      | 3423 ||| READING scroll labelled CYFFOI ICKEMO.
  3424 | D:4      | 3424 ||| DRINKING 3 silvery potions.
  3529 | D:4      | 3529 ||| DROPPING 2 potions of berserk rage.
  3538 | Temple   | Entered the Ecumenical Temple
  3545 | Temple   | Became a worshipper of Warmaster Okawaru
  3552 | Temple   | 3552 ||| PLANNING D:1-11
  3602 | D:4      | Found Joklauq's Antique Weapon Emporium.
  3825 | D:4      | Found a radiant altar of Vehumet.
  3850 | D:5      | Entered Level 5 of the Dungeon
  3855 | D:5      | 3855 ||| STAIRDANCE
  3978 | D:5      | Reached * piety under Okawaru
  4066 | D:5      | Found Ynwaiwkio's Antique Weapon Emporium.
  4072 | D:5      | 4072 ||| BUYING flail (94 gold).
  4072 | D:5      | Bought a flail for 94 gold pieces
  4072 | D:5      | 4072 ||| DROPPING +0 whip.
  4280 | D:5      | 4280 ||| Stepping ~*~*~tactically~*~*~ (hiding).
  4284 | D:5      | 4284 ||| INVOKING Heroism.
  4305 | D:5      | 4305 ||| Stepping ~*~*~tactically~*~*~ (hiding).
  4313 | D:5      | 4313 ||| DRINKING 5 potions of curing.
  4313 | D:5      | 4313 ||| (to cure confusion)
  4364 | D:5      | Reached skill level 7 in Axes
  4364 | D:5      | Reached XP level 8. HP: 48/48 MP: 8/8
  4457 | D:5      | 4457 ||| READING 2 scrolls labelled IJARU TARUFUP.
  4458 | D:5      | 4458 ||| READING 2 scrolls labelled TISIMO IVAALLU.
  4459 | D:5      | 4459 ||| READING scroll of enchant armour.
  4459 | D:5      | 4459 ||| ENCHANTING +0 helmet.
  4460 | D:5      | 4460 ||| DROPPING scroll of fear.
  4546 | D:6      | 4546 ||| Stepping ~*~*~tactically~*~*~ (hiding).
  4548 | D:6      | 4548 ||| Stepping ~*~*~tactically~*~*~ (hiding).
  4553 | D:6      | 4553 ||| FLEEEEING.
  4554 | D:6      | 4554 ||| FLEEEEING.
  4555 | D:6      | 4555 ||| FLEEEEING.
  4556 | D:6      | 4556 ||| STAIRDANCE
  4677 | D:6      | 4677 ||| INVOKING Heroism.
  4857 | D:6      | 4857 ||| Stepping ~*~*~tactically~*~*~ (hiding).
  4864 | D:6      | Reached skill level 1 in Dodging
  4886 | D:6      | Identified the +3 scale mail of Contentment {+Blink rElec
                  | rN+}
  5065 | D:6      | Reached skill level 1 in Invocations
  5187 | D:6      | 5187 ||| READING 2 scrolls labelled GECUSA PYTE.
  5197 | D:6      | 5197 ||| READING scroll labelled ROQIACZEFAFF.
  5198 | D:6      | 5198 ||| READING 3 scrolls of identify.
  5198 | D:6      | 5198 ||| IDENTIFYING sedimented silvery potion
  5199 | D:6      | 5199 ||| READING 2 scrolls of identify.
  5199 | D:6      | 5199 ||| IDENTIFYING dark potion
  5200 | D:6      | 5200 ||| DROPPING scroll of torment.
  5201 | D:6      | 5201 ||| DROPPING potion of ambrosia.
  5264 | D:7      | Noticed Maggie
  5284 | D:7      | 5284 ||| INVOKING Heroism.
  5286 | D:7      | HP: 8/49 [Maggie/+1 broad axe of distortion (22)]
  5287 | D:7      | 5287 ||| READING 4 scrolls of teleportation.
  5288 | D:7      | 5288 ||| DRINKING 4 potions of heal wounds.
  5292 | D:7      | Killed Maggie
  5293 | D:7      | Reached skill level 8 in Axes
  5293 | D:7      | Reached skill level 3 in Invocations
  5293 | D:7      | Reached XP level 9. HP: 41/54 MP: 7/11
  5366 | D:7      | 5366 ||| DRINKING 5 potions of curing.
  5366 | D:7      | 5366 ||| (to cure confusion)
  5367 | D:7      | 5367 ||| INVOKING Heroism.
  5458 | D:7      | 5458 ||| Stepping ~*~*~tactically~*~*~ (stealth).
  5459 | D:7      | 5459 ||| Stepping ~*~*~tactically~*~*~ (stealth).
  5466 | D:7      | 5466 ||| Stepping ~*~*~tactically~*~*~ (stealth).
  5468 | D:7      | 5468 ||| Stepping ~*~*~tactically~*~*~ (stealth).
  5470 | D:7      | 5470 ||| INVOKING Heroism.
  5492 | D:7      | Found a shimmering altar of Xom.
  5535 | D:7      | 5535 ||| INVOKING Heroism.
  5537 | D:7      | Reached ** piety under Okawaru
  5538 | D:7      | Reached skill level 6 in Fighting
  5560 | D:7      | 5560 ||| DROPPING +0 flail.
  5561 | D:7      | 5561 ||| Stepping ~*~*~tactically~*~*~ (stealth).
  5563 | D:7      | 5563 ||| INVOKING Heroism.
  5623 | D:7      | 5623 ||| Stepping ~*~*~tactically~*~*~ (stealth).
  5625 | D:7      | 5625 ||| Stepping ~*~*~tactically~*~*~ (stealth).
  5662 | D:7      | Reached skill level 9 in Axes
  5684 | D:7      | Noticed Joseph
  5685 | D:7      | 5685 ||| Stepping ~*~*~tactically~*~*~ (hiding).
  5701 | D:7      | 5701 ||| INVOKING Heroism.
  5717 | D:7      | Killed Joseph
  5816 | D:7      | Found a blossoming altar of Fedhas.
  6108 | D:7      | 6108 ||| UPGRADING to +0 pair of boots.
  6113 | D:7      | 6113 ||| READING scroll labelled XINEFA RIKKO.
  6114 | D:7      | 6114 ||| READING 2 scrolls of identify.
  6114 | D:7      | 6114 ||| IDENTIFYING glowing orange potion
  6178 | D:8      | 6178 ||| INVOKING Heroism.
  6191 | D:8      | 6191 ||| INVOKING Heroism.
  6210 | D:8      | Reached *** piety under Okawaru
  6241 | D:8      | Reached skill level 6 in Armour
  6258 | D:8      | 6258 ||| Stepping ~*~*~tactically~*~*~ (stealth).
  6262 | D:8      | 6262 ||| Stepping ~*~*~tactically~*~*~ (stealth).
  6264 | D:8      | 6264 ||| Stepping ~*~*~tactically~*~*~ (hiding).
  6265 | D:8      | 6265 ||| Stepping ~*~*~tactically~*~*~ (hiding).
  6266 | D:8      | 6266 ||| INVOKING Heroism.
  6269 | D:8      | Reached XP level 10. HP: 61/61 MP: 10/13
  6274 | D:8      | 6274 ||| Stepping ~*~*~tactically~*~*~ (stealth).
  6275 | D:8      | 6275 ||| Stepping ~*~*~tactically~*~*~ (stealth).
  6290 | D:8      | 6290 ||| Stepping ~*~*~tactically~*~*~ (stealth).
  6291 | D:8      | 6291 ||| Stepping ~*~*~tactically~*~*~ (stealth).
  6292 | D:8      | 6292 ||| Stepping ~*~*~tactically~*~*~ (stealth).
  6463 | D:8      | 6463 ||| Stepping ~*~*~tactically~*~*~ (hiding).
  6464 | D:8      | 6464 ||| Stepping ~*~*~tactically~*~*~ (hiding).
  6466 | D:8      | 6466 ||| Stepping ~*~*~tactically~*~*~ (hiding).
  6494 | D:8      | 6494 ||| Stepping ~*~*~tactically~*~*~ (stealth).
  6494 | D:8      | Noticed a two-headed ogre
  6495 | D:8      | 6495 ||| Stepping ~*~*~tactically~*~*~ (stealth).
  6496 | D:8      | 6496 ||| INVOKING Heroism.
  6507 | D:8      | HP: 15/63 [two-headed ogre/+0 giant club (1)]
  6508 | D:8      | 6508 ||| READING 3 scrolls of teleportation.
  6509 | D:8      | Killed a two-headed ogre
  6509 | D:8      | Reached **** piety under Okawaru
  6512 | D:8      | HP: 12/63 [orc/+0 trident (7)]
  6513 | D:8      | 6513 ||| DRINKING 5 potions of heal wounds.
  6587 | D:8      | 6587 ||| Stepping ~*~*~tactically~*~*~ (hiding).
  6590 | D:8      | 6590 ||| INVOKING Heroism.
  6647 | D:8      | 6647 ||| INVOKING Heroism.
  6656 | D:8      | 6656 ||| DRINKING 5 potions of curing.
  6656 | D:8      | 6656 ||| (to cure confusion)
  6658 | D:8      | Reached skill level 10 in Axes
  6932 | D:8      | Found a snail-covered altar of Cheibriados.
  7015 | D:8      | 7015 ||| DRINKING 3 metallic grey potions.
  7016 | D:8      | 7016 ||| DROPPING 2 potions of brilliance.
  7040 | D:9      | Noticed a two-headed ogre
  7041 | D:9      | 7041 ||| INVOKING Heroism.
  7044 | D:9      | 7044 ||| Stepping ~*~*~tactically~*~*~ (water).
  7049 | D:9      | Killed a two-headed ogre
  7109 | D:9      | 7109 ||| Stepping ~*~*~tactically~*~*~ (stealth).
  7111 | D:9      | 7111 ||| INVOKING Heroism.
  7132 | D:9      | 7132 ||| INVOKING Heroism.
  7141 | D:9      | HP: 13/64 [wyvern (7)]
  7142 | D:9      | 7142 ||| READING 2 scrolls of teleportation.
  7142 | D:9      | HP: 4/64 [gnoll/+0 halberd[a gnoll sergeant] (10)]
  7142 | D:9      | Mangled by a wyvern

Levels and vault maps discovered:
D:1:      nzn_arrival_depleted_hourglass, layout_basic,
          hellmonk_ecumenical_altar_pennies_from_heaven
D:2:      layout_basic, grunt_ministairs_7, uniq_natasha
D:3:      layout_loops_ring, serial_shops, nicolae_shop_bloodbath_and_beyond,
          nicolae_diamond_shop, shop, shop, shop, uniq_crazy_yiuf_cottage
D:4:      layout_loops_corners, kennysheep_mini,
          gammafunk_temple_overflow_forgotten, minmay_temple_entry_junction_2,
          serial_shops, shop, nicolae_shop_waterfront, shop_fountains,
          kennysheep_little_box, nicolae_lakefront_shop, uniq_blork_the_orc
D:5:      layout_loops_ring, serial_shops, nicolae_shop_statue_plus
D:6:      layout_gridville, grunt_decor_mini_mirrors, dk_rats_in_the_wall
D:7:      layout_basic, mainiacjoe_overflow_swirl, minmay_between, uniq_maggie,
          uniq_joseph
D:8:      layout_basic, slow_altar_2, minivault_25, minmay_diced_spiral
D:9:      layout_basic, mainiacjoe_overflow_boulevard, led_sif_pool
Temple:   hellmonk_temple_two_chambers

Skill      XL: |  1  2  3  4  5  6  7  8  9 10 |
---------------+-------------------------------+-----
Axes           | 2 3 4 5 6 7 8 9 10 | 10.0
Fighting       | 4 5 6 8 |  8.1
Throwing       | 1 2 4 |  4.0
Armour         | 4 6 |  6.3
Dodging        | 1 |  1.5
Invocations    | 3 4 5 |  5.5
Shields        | 4 |  4.0

Action                   |  1- 3 |  4- 6 |  7- 9 | 10-12 || total
-------------------------+-------+-------+-------+-------++-------
Melee: War axe           |    57 |   158 |   272 |    88 ||   575
Throw: Javelin           |       |     9 |    42 |     4 ||    55
Invok: Heroism           |       |       |    11 |     6 ||    17
  Use: Scroll            |     4 |     7 |    12 |     2 ||    25
       Potion            |       |     2 |     4 |     3 ||     9
Armor: Scale mail        |    27 |    25 |       |       ||    52
       Plate armour      |       |    82 |   214 |    80 ||   376
Dodge: Dodged            |    12 |    45 |    90 |    43 ||   190
Block: Buckler           |    12 |    28 |    54 |    20 ||   114

Table legend:
 A = Non-vault XP
 B = Vault XP
 C = Vault XP percentage of total XP
 D = Non-vault monster count
 E = Vault monster count
 F = Vault count percentage of total count
                 A         B        C        D         E       F
            +---------+---------+-------+---------+---------+-------
      Total |    5033 |    2618 |  34.2 |     148 |      17 |  10.3
            +---------+---------+-------+---------+---------+-------
        D:1 |      32 |       0 |   0.0 |      17 |       0 |   0.0
        D:2 |     105 |      39 |  27.1 |      15 |       3 |  16.7
        D:3 |     191 |       0 |   0.0 |      25 |       0 |   0.0
        D:4 |     462 |      94 |  16.9 |      14 |       1 |   6.7
        D:5 |     340 |       0 |   0.0 |      14 |       0 |   0.0
        D:6 |     604 |       0 |   0.0 |      14 |       0 |   0.0
        D:7 |    1149 |    1255 |  52.2 |      22 |       7 |  24.1
        D:8 |    1083 |    1230 |  53.2 |      20 |       6 |  23.1
        D:9 |    1067 |       0 |   0.0 |       7 |       0 |   0.0
            +---------+---------+-------+---------+---------+-------
